 Dungeon Crawl Stone Soup version 0.30-a0-462-gd5975efbca (webtiles) character file.

Game seed: 12244537331577599945

195 funkygono the Firebug (level 5, -1/35 HPs)
             Began as a Demonspawn Fire Elementalist on Dec 16, 2022.
             Slain by a river rat (5 damage)
             ... in a sewer.
             The game lasted 00:04:20 (2994 turns).

funkygono the Firebug (DsFE)                        Turns: 2994, Time: 00:04:20

Health: -1/35      AC:  4    Str:  8    XL:     5   Next: 45%
Magic:  10/10      EV: 12    Int: 18    God:
Gold:   124        SH:  0    Dex: 14    Spells: 0/10 levels left

rFire   . . .      SeeInvis .    i - +0 whip (flame)
rCold   . . .      Faith    .    (no shield)
rNeg    . . .      Spirit   .    a - +0 robe
rPois   .          Reflect  .    (helmet restricted)
rElec   .          Harm     .    (no cloak)
rCorr   .          Rampage  .    (no gloves)
Will    .....                    (no boots)
Stlth   ++........               (no amulet)
HPRegen 0.25/turn                (no ring)
MPRegen 0.12/turn                (no ring)

@: very slightly contaminated
A: horns 1, thin metallic scales 1, ignite blood 1
a: no special abilities


You were in a sewer.
You visited 1 branch of the dungeon, and saw 3 of its levels.
You also visited: Sewer.

You collected 124 gold pieces.

Inventory:

Hand Weapons
 d - a +0 dagger
 g - a +0 whip
 i - a +0 whip of flaming (weapon)
Armour
 a - a +0 robe (worn)
 f - a +0 leather armour
Scrolls
 c - 3 scrolls of magic mapping {unknown}
 m - 2 scrolls of fear {unknown}
 n - 3 scrolls of identify {unknown}
 o - a scroll of fog {unknown}
 p - a scroll of torment {unknown}
Potions
 e - a potion of invisibility {unknown}
 h - a potion of might {unknown}
 j - a potion of berserk rage {unknown}
 k - 7 potions of flight
 l - a potion of curing {unknown}


   Skills:
 + Level 0.1 Maces & Flails
 + Level 2.2 Dodging
 - Level 1.7 Stealth
 + Level 3.3 Spellcasting
 + Level 2.2 Conjurations
 + Level 4.2 Fire Magic


You couldn't memorise any spells.
You knew the following spells:

 Your Spells              Type           Power      Damage    Failure   Level
a - Foxfire               Conj/Fire      56%        2x1d6     4%          1
b - Scorch                Fire           36%        2d7       4%          2
c - Kindle Blastsparks    Fire/Tloc/Air  16%        2d11      26%         3
d - Flame Wave            Conj/Fire      14%        2d6       38%         4

Your spell library contained the following spells:

 Spells                   Type           Power      Damage    Failure   Level
 Freeze                   Ice            12%        1d3       16%         1
 Inner Flame              Hex/Fire       10%        N/A       21%         3
 Hailstorm                Conj/Ice       7%         3d4       30%         3
 Frozen Ramparts          Ice            6%         1d1       43%         3
 Ozocubu's Armour         Ice            3%         N/A       43%         3
 Metabolic Englaciation   Hex/Ice        1%         N/A       99%         5
 Simulacrum               Ice/Necr       1%         N/A       100%        6


Dungeon Overview and Level Annotations

Branches:
Dungeon (3/15)              Sewer (1/1)

Altars:
Cheibriados
Qazlal


Innate Abilities, Weirdness & Mutations

You have a pair of small horns on your head.
You are partially covered in thin metallic scales. (AC +2)
Your demonic aura sometimes causes spilled blood to erupt in flames.


Message History

Flames lash the river rat.
The river rat is moderately wounded.
The river rat's fire resistance burns away.
The foxfire hits the river rat but does no damage.
The river rat is lightly wounded.
The foxfire hits the river rat.
The river rat is lightly wounded.
The river rat misses you. x2
Casting: Scorch (safe; 4% risk of failure)
Confirm with . or Enter, or press ? or * to list all spells.
You miscast Foxfire.
You are very lightly contaminated with residual magic.
Nothing appears to happen.
The river rat barely misses you. The river rat bites you.
The river rat closely misses you.
Casting: Foxfire (safe; 4% risk of failure)
Confirm with . or Enter, or press ? or * to list all spells.
Flames lash the river rat.
The river rat is moderately wounded.
The river rat's fire resistance burns away.
The river rat bites you but does no damage.
The river rat bites you! The river rat barely misses you.
You hit the river rat. You burn the river rat.
The river rat is heavily wounded.
The river rat is no longer more vulnerable to fire.
The river rat barely misses you. x2; The river rat misses you.
Casting: Scorch (safe; 4% risk of failure)
Confirm with . or Enter, or press ? or * to list all spells.
You conjure some foxfire!
The river rat bites you but does no damage.
The river rat bites you!
* * * LOW HITPOINT WARNING * * *
The river rat barely misses you. Magic courses through your body.
The river rat is no longer more vulnerable to fire.
The foxfire hits the river rat.
You kill the river rat!
The foxfire hits the river rat but does no damage.
The river rat is heavily wounded.
The river rat closely misses you. The river rat bites you.
You die...

################################
≈≈≈≈≈≈≈~~~.~~.†..~~~~~†~~~.~†..~
≈≈≈≈≈≈≈.≈≈≈≈≈≈≈≈≈≈≈≈≈≈≈≈≈≈≈≈≈≈≈≈
≈≈≈≈≈≈≈~≈~~~...~~~~~~~~.~.~~~~~.
#######~≈~######################
#~≈~# ###### #.≈~# ....#
#~≈~#####rr#####+
#~~~~~~..@.......
#.~~~~..§........
#~≈~#####''#####+ #~≈~# #....#
#.≈~# ###### #~≈~# #~≈~~ #.≈.≈≈
#~≈~~.~


You could see 2 river rats.

Vanquished Creatures
  Jessica (D:2)
  4 adders (D:2)
  3 gnolls (D:2)
  3 river rats
  3 worms
  2 dart slugs
  5 orcs (D:3)
  3 ball pythons
  7 endoplasms
  6 giant cockroaches
  2 goblins (D:1)
  5 hobgoblins (D:1)
  A jackal (Sewer)
  5 kobolds
  3 quokkas
  10 bats
  4 frilled lizards
  6 rats
73 creatures vanquished.

Vanquished Creatures (others)
  218 foxfires
218 creatures vanquished.

Grand Total: 291 creatures vanquished

Notes
Turn   | Place    | Note
-------+----------+-------------------------------------------
     0 | D:1      | funkygono the Demonspawn Fire Elementalist began the quest
                  | for the Orb.
     0 | D:1      | Reached XP level 1. HP: 13/13 MP: 3/3
    79 | D:1      | Reached skill level 3 in Fire Magic
   184 | D:1      | Gained mutation: You have a pair of small horns on your
                  | head. [demonic ancestry]
   184 | D:1      | Reached XP level 2. HP: 19/19 MP: 0/5
   187 | D:1      | Learned a level 2 spell: Scorch
   979 | D:2      | Reached XP level 3. HP: 24/24 MP: 4/6
   983 | D:2      | Learned a level 3 spell: Kindle Blastsparks
  1216 | D:2      | Gained mutation: You are partially covered in thin metallic
                  | scales. (AC +2) [demonic ancestry]
  1216 | D:2      | Reached XP level 4. HP: 30/30 MP: 1/7
  1294 | D:2      | Found a stormy altar of Qazlal.
  1958 | D:2      | Noticed Jessica
  1967 | D:2      | Killed Jessica
  1968 | D:2      | Reached skill level 4 in Fire Magic
  2316 | D:3      | Gained mutation: Your demonic aura sometimes causes spilled
                  | blood to erupt in flames. [demonic ancestry]
  2316 | D:3      | Reached XP level 5. HP: 35/35 MP: 3/9
  2364 | D:3      | Learned a level 4 spell: Flame Wave
  2420 | D:3      | Found a snail-covered altar of Cheibriados.
  2457 | D:3      | Found a glowing drain.
  2562 | Sewer    | Entered a sewer
  2994 | Sewer    | Slain by a river rat

Illustrated notes

Levels and vault maps discovered:
D:1:      kennysheep_arrival_forest, layout_rooms
D:2:      layout_loops_corners, basic_altar, uniq_jessica
D:3:      layout_basic, kennysheep_slug_shrine, portal_sewer_entry_c
Sewer:    sewer_fruit_machine

Skill      XL: |  1  2  3  4 |
---------------+-------------+-----
Fire Magic     | 3 4 |  4.2
Dodging        | 2 |  2.2
Spellcasting   | 3 |  3.3
Conjurations   | 2 |  2.2
Maces & Flails | |  0.1
Stealth        | |  1.7

Action                   |  1- 3 |  4- 6 || total
-------------------------+-------+-------++-------
Melee: Dagger            |     2 |       ||     2
       Whip              |     1 |    11 ||    12
       Headbutt          |       |     3 ||     3
 Cast: Foxfire           |    52 |    78 ||   130
       Scorch            |     2 |     7 ||     9
  Use: Potion            |       |     1 ||     1
Armor: Robe              |     4 |     4 ||     8
Dodge: Dodged            |    12 |    16 ||    28

Table legend: (Time is in decaauts)
 A = Elapsed time spent in this place.
 B = Non-inter-level travel time spent in this place.
 C = Inter-level travel time spent in this place.
 D = Time resting spent in this place.
 E = Time spent auto-exploring this place.
 F = Levels seen in this place.
 G = Mean time per level.
                   A        B        C        D        E       F      G
               +--------+--------+--------+--------+--------+-----+--------+
         Total |   3031 |   2984 |     47 |    130 |   2313 |   4 |  757.8 |
       Dungeon |   2561 |   2514 |     47 |    130 |   1921 |   3 |  853.7 |
         Sewer |    469 |    469 |      0 |      0 |    392 |   1 |  469.0 |
               +--------+--------+--------+--------+--------+-----+--------+

Top non-repeatable levels by time:
     D:2: 1442 daAuts
     D:1: 864 daAuts
   Sewer: 469 daAuts
     D:3: 255 daAuts
